 Dungeon Crawl Stone Soup version 0.30-a0-743-gbfdf073431 (webtiles) character file.

Game seed: 1760131784500760777

27611 croobank the Covert (level 13, -3/90 HPs)
             Began as an Octopode Delver on Feb 7, 2023.
             Was an Initiate of Gozag.
             Slain by an eight-headed hydra (5 damage)
             ... on level 4 of the Lair of Beasts on Feb 8, 2023.
             The game lasted 01:09:48 (16780 turns).

croobank the Covert (Octopode Delver)              Turns: 16780, Time: 01:09:49

Health: -3/90      AC:  6    Str: 11    XL:     13   Next: 33%
Magic:  19/24      EV: 18    Int: 22    God:    Gozag
Gold:   924        SH:  0    Dex: 15    Spells: 16/27 levels left

rFire   . . .      SeeInvis .    n - +9 lance "Wyrmbane" {slay drac, rPois rF+ rC+ AC+3}
rCold   + + .      Faith    .    (no shield)
rNeg    . . .      Spirit   .    D - +2 hat
rPois   +          Reflect  .    i - amulet of regeneration
rElec   .          Harm     .    K - ring of willpower
rCorr   +          Rampage  .    G - +6 ring of intelligence
Will    +....                    I - ring of flight
Stlth   +++++++                  j - ring of ice
HPRegen 1.15/turn                r - ring of resist corrosion
MPRegen 0.19/turn                (no ring)
                                 (no ring)
                                 (no ring)

@: flying
A: almost no armour, amphibious, 8 rings, camouflage 1, gelatinous body 1,
(nimble swimmer 1), tentacles
a: Renounce Religion, Potion Petition, Call Merchant, Bribe Branch


You were on level 4 of the Lair of Beasts.
You worshipped Gozag.
Gozag was pleased with you.
You visited 3 branches of the dungeon, and saw 15 of its levels.
You also visited: Gauntlet.

You collected 2867 gold pieces.
You spent 260 gold pieces at shops.
You paid 1683 gold pieces to Gozag.

Inventory:

Hand Weapons
 a - a +0 hand axe of flaming
 e - a +0 dagger of venom
 g - a +0 short sword
 k - a +0 flail
 l - a +0 whip
 n - the +9 lance "Wyrmbane" (weapon) {slay drac, rPois rF+ rC+ AC+3}
   (You took it off Maggie on level 8 of the Dungeon)

   AC:        It affects your AC (+3).
   rF:        It protects you from fire.
   rC:        It protects you from cold.
   rPois:     It protects you from poison.
 C - a +0 long sword
 F - a +4 heavy broad axe
 J - a +0 trident
 M - a +0 war axe
Missiles
 o - 34 poisoned darts (quivered)
 s - 2 boomerangs
 H - 6 curare-tipped darts
Armour
 w - an orb of light
 D - a +2 hat (worn)
Magical Staves
 R - a staff of conjuration
Jewellery
 i - an amulet of regeneration (around mantle)
 j - a ring of ice (on tentacle)
 r - a ring of resist corrosion (on tentacle)
 G - a +6 ring of intelligence (right tentacle)
 I - a ring of flight (on tentacle)
 K - a ring of willpower (left tentacle)
 N - an amulet of magic regeneration
Wands
 f - a wand of digging (9)
 v - a wand of roots (13)
 x - a wand of mindburst (8)
 O - a wand of paralysis (11)
 P - a wand of polymorph (5)
 Q - a wand of flame (43)
Scrolls
 b - 4 scrolls of fog
 c - a scroll of magic mapping
 d - a scroll of poison
 h - 3 scrolls of amnesia
 m - 2 scrolls of noise
 u - a scroll of fear
 y - 2 scrolls of vulnerability
 B - 4 scrolls of enchant armour
 S - a scroll of identify
Potions
 p - a potion of haste
 q - 5 potions of curing
 t - 3 potions of brilliance
 z - 4 potions of flight
 A - 3 potions of attraction
 E - a potion of cancellation
 T - a potion of heal wounds
Miscellaneous
 L - a tin of tremorstones (2/2)


   Skills:
 + Level 9.6 Fighting
 - Level 6.4(8.8) Axes
 * Level 9.4(10.3) Polearms
 + Level 9.4 Dodging
 + Level 14.3 Stealth
 + Level 7.8 Spellcasting
 + Level 7.8 Fire Magic


You had 16 spell levels left.
You knew the following spells:

 Your Spells              Type           Power      Damage    Failure   Level
a - Scorch                Fire           84%        2d9       1%          2
b - Foxfire               Conj/Fire      100%       2x1d9     1%          1
c - Inner Flame           Hex/Fire       25%        N/A       4%          3
d - Kindle Blastsparks    Fire/Tloc/Air  40%        2d13      8%          3
e - Poisonous Vapours     Pois/Air       16%        N/A       12%         2

Your spell library contained the following spells:

 Spells                   Type           Power      Damage    Failure   Level
 Kiss of Death            Conj/Necr      32%        2d7       8%          1
 Sting                    Tmut/Pois      32%        1d4       8%          1
 Lesser Beckoning         Tloc           16%        N/A       12%         2
 Confusing Touch          Hex            8%         N/A       22%         3
 Gell's Gravitas          Tloc           8%         N/A       22%         3
 Ozocubu's Armour         Ice            12%        N/A       22%         3
 Teleport Other           Tloc           8%         N/A       22%         3
 Dispel Undead            Necr           8%         3d8       58%         4
 Olgreb's Toxic Radiance  Pois           8%         N/A       58%         4
 Metabolic Englaciation   Hex/Ice        6%         N/A       91%         5
 Ozocubu's Refrigeration  Ice            6%         4d8       100%        7
 Simulacrum               Ice/Necr       Unusable   N/A       N/A         6

Dungeon Overview and Level Annotations

Branches:
Dungeon (9/15)             Temple (1/1) D:5            Lair (5/5) D:8
  Swamp (0/4) Lair:2        Snake (0/4) Lair:2        Slime (0/5) Lair:5
Gauntlet (visited)
    Orc: D:9-12

Altars:
Ashenzari
Dithmenos
Gozag
Hepliaklqana
Kikubaaqudgha
Makhleb
Nemelex Xobeh
Okawaru
Qazlal
Sif Muna
Uskayaw
Vehumet
Xom
Zin
The Shining One

Shops:
D:6 *

Annotations:
Lair:4 exclusion: oklob plant


Innate Abilities, Weirdness & Mutations

You cannot wear most types of armour.
You are amphibious.
You can wear up to eight rings at the same time.
Your skin changes colour to match your surroundings (Stealth+).
Your rubbery body absorbs attacks. (AC +1, EV +1)
((You are camouflaged when in or above water. (Stealth+)))
You have tentacles for arms and can constrict up to eight enemies at once.


Message History

Flames lash the eight-headed hydra.
The eight-headed hydra is moderately wounded.
The eight-headed hydra's fire resistance burns away.
Casting: Scorch (safe; 1% risk of failure)
Confirm with . or Enter, or press ? or * to list all spells.
Flames lash the eight-headed hydra.
The eight-headed hydra is burned terribly!
The eight-headed hydra is heavily wounded.
Casting: Scorch (safe; 1% risk of failure)
Confirm with . or Enter, or press ? or * to list all spells.
You conjure some foxfire!
The eight-headed hydra misses you.
The eight-headed hydra closely misses you. x3
The eight-headed hydra barely misses you.
The eight-headed hydra bites you. The eight-headed hydra bites you!
The eight-headed hydra misses you.
You hit the eight-headed hydra.
Your squeeze misses the eight-headed hydra.
The eight-headed hydra is heavily wounded.
The foxfire hits the eight-headed hydra.
The eight-headed hydra is burned terribly!
The eight-headed hydra is heavily wounded.
The eight-headed hydra bites you. The eight-headed hydra bites you! x4
* * * LOW HITPOINT WARNING * * *
The eight-headed hydra completely misses you.
The eight-headed hydra bites you!
* * * LOW HITPOINT WARNING * * *
The eight-headed hydra bites you but does no damage.
The foxfire hits the eight-headed hydra.
The eight-headed hydra is heavily wounded.
You puncture the eight-headed hydra!
The eight-headed hydra is severely wounded.
The eight-headed hydra bites you.
* * * LOW HITPOINT WARNING * * *
The eight-headed hydra bites you!
* * * LOW HITPOINT WARNING * * *
The eight-headed hydra completely misses you.
The eight-headed hydra closely misses you.
The eight-headed hydra bites you.
You die...
Your body crumbles into a pile of gold.

.........#
..................##
..................##
..................P#
..................P#####
..................###.#.
........................
......ยงยง................
.......@................
.......D................
..................######
..................# #
..................#
..................
.......>.......
....)..........
...............


You could see an eight-headed hydra (combustible).

Vanquished Creatures
  4 hydras
  A boulder beetle (Lair:5)
  Urug (Lair:5)
  A lindwurm (Lair:5)
  6 black mambas
  6 elephants
  2 torpor snails
  4 cane toads
  Maggie (D:8)
  10 komodo dragons
  3 rime drakes
  4 polar bears
  20 blink frogs
  5 dream sheep (Lair:4)
  16 yaks
  A wyvern (Lair:3)
  2 steam dragons (D:8)
  9 water moccasins
  7 ice beasts
  A swamp drake (Lair:2)
  A black bear (D:7)
  3 ogres
  3 centaurs
  6 wolves
  A phantom (D:5)
  2 kobold brigands (D:5)
  Blork the orc (D:4)
  A scorpion (D:5)
  8 bullfrogs
  A necrophage (D:4)
  An electric eel (D:6)
  2 howler monkeys
  5 jellies
  6 hounds
  An orc priest (D:6)
  3 iguanas
  3 orc wizards
  5 adders
  2 white imps
  3 ufetubi (D:6)
  3 worms
  4 dart slugs
  24 orcs
  6 endoplasms
  2 giant cockroaches
  5 goblins
  6 hobgoblins
  9 jackals
  3 quokkas
  11 ball pythons
  14 bats
  2 frilled lizards
  18 kobolds
  9 rats
278 creatures vanquished.

Vanquished Creatures (collateral kills)
  2 elephants (Lair:5)
  A black mamba (Lair:5)
  2 polar bears (Lair:5)
  4 yaks (Lair:5)
  9 foxfires
18 creatures vanquished.

Vanquished Creatures (others)
  562 foxfires
  45 fungi
  39 plants
  8 withered plants (Gauntlet)
654 creatures vanquished.

Grand Total: 950 creatures vanquished

Notes
Turn   | Place    | Note
-------+----------+-------------------------------------------
     0 | D:5      | croobank the Octopode Delver began the quest for the Orb.
     0 | D:5      | Reached XP level 1. HP: 16/16 MP: 1/1
    12 | D:6      | Noticed an ogre
   134 | D:6      | Reached XP level 2. HP: 21/21 MP: 2/2
   158 | D:5      | Reached skill level 7 in Stealth
   158 | D:5      | Reached XP level 3. HP: 25/26 MP: 3/3
   206 | D:5      | Found a staircase to the Ecumenical Temple.
   217 | D:5      | Noticed a scorpion
   241 | D:6      | Noticed a kobold brigand
   249 | D:5      | Killed a kobold brigand
   250 | D:5      | Reached XP level 4. HP: 21/33 MP: 4/4
   250 | D:5      | Noticed a centaur
   271 | D:5      | Reached XP level 5. HP: 8/37 MP: 5/5
   953 | D:2      | Reached XP level 6. HP: 43/43 MP: 6/6
  2117 | D:3      | Reached skill level 8 in Stealth
  2257 | D:3      | Found a faded altar of an unknown god.
  3805 | D:4      | Noticed Blork the orc
  3810 | D:4      | Killed Blork the orc
  3811 | D:4      | Reached skill level 1 in Spellcasting
  4026 | D:5      | Reached XP level 7. HP: 46/49 MP: 8/8
  4072 | Temple   | Entered the Ecumenical Temple
  4130 | Temple   | Became a worshipper of Gozag Ym Sagoz the Greedy
  4598 | D:5      | Reached skill level 5 in Fighting
  4630 | D:5      | Reached skill level 9 in Stealth
  4630 | D:5      | Reached XP level 8. HP: 39/55 MP: 11/11
  5169 | D:6      | Found Uhontesh's Fire Supplies.
  5222 | D:6      | Bought the Volume of Kindling for 260 gold pieces
  5225 | D:6      | Learned a level 2 spell: Scorch
  5475 | D:6      | Reached skill level 5 in Axes
  5475 | D:6      | Reached skill level 5 in Dodging
  5694 | D:6      | Reached skill level 1 in Fire Magic
  6499 | D:7      | Reached XP level 9. HP: 44/62 MP: 14/14
  6541 | D:7      | Reached skill level 10 in Stealth
  7481 | D:8      | Learned a level 1 spell: Foxfire
  7589 | D:8      | Noticed a polar bear
  7737 | D:8      | Noticed a rime drake
  7743 | D:8      | Killed a rime drake
  8164 | D:8      | Killed a polar bear
  8272 | D:8      | Noticed Maggie
  8276 | D:8      | Found a staircase to the Lair.
  8302 | D:8      | Killed Maggie
  8303 | D:8      | Reached XP level 10. HP: 69/69 MP: 2/16
  8329 | D:8      | Reached skill level 11 in Stealth
  9236 | Lair:1   | Entered Level 1 of the Lair of Beasts
  9242 | Lair:1   | Reached skill level 1 in Polearms
  9242 | Lair:1   | Noticed a cane toad
  9255 | Lair:1   | Killed a cane toad
  9259 | Lair:1   | Noticed a black mamba
  9264 | Lair:1   | Killed a black mamba
  9265 | Lair:1   | Reached skill level 5 in Spellcasting
 10166 | Lair:1   | Noticed a cane toad
 10174 | Lair:1   | Killed a cane toad
 10175 | Lair:1   | Reached skill level 5 in Fire Magic
 10175 | Lair:1   | Reached XP level 11. HP: 75/75 MP: 10/19
 10231 | Lair:1   | You are sucked into a shaft and drop 1 floor!
 10390 | Lair:2   | Found a staircase to the Snake Pit.
 10417 | Lair:1   | Reached skill level 12 in Stealth
 10772 | Lair:1   | Reached skill level 5 in Polearms
 12260 | Lair:2   | Found a staircase to the Swamp.
 12913 | Lair:3   | Noticed a four-headed hydra
 12924 | Lair:2   | Killed a four-headed hydra
 12991 | Lair:3   | Noticed a five-headed hydra
 12991 | Lair:3   | HP: 1/78 [five-headed hydra (5)]
 13098 | Lair:3   | Killed a five-headed hydra
 13099 | Lair:3   | Reached XP level 12. HP: 84/84 MP: 13/21
 13154 | Lair:3   | Noticed a six-headed hydra
 13164 | Lair:3   | Killed a six-headed hydra
 13165 | Lair:3   | Reached skill level 13 in Stealth
 13237 | Lair:3   | Identified the +11 short sword of Gysobrib {pain, *Rage
                  | rElec rPois Will+}
 13296 | Lair:3   | Noticed a four-headed hydra
 13307 | Lair:3   | Killed a four-headed hydra
 13402 | Lair:3   | Found a gate leading to a gauntlet.
 13412 | Gauntlet | Entered a Gauntlet
 13412 | Gauntlet | Found a transporter.
 13412 | Gauntlet | Found a runed translucent door.
 13412 | Gauntlet | Found a transporter.
 13412 | Gauntlet | Found a transporter.
 13412 | Gauntlet | Found a runed translucent door.
 13434 | Gauntlet | Found a transporter.
 13446 | Gauntlet | Found a transporter.
 13449 | Gauntlet | Found a transporter.
 13453 | Gauntlet | Noticed a death scarab
 13460 | Gauntlet | Noticed a death scarab
 13468 | Gauntlet | Found a transporter.
 13483 | Gauntlet | Found a transporter.
 13502 | Gauntlet | Found a transporter.
 13509 | Gauntlet | Found a transporter.
 13512 | Gauntlet | Found a transporter.
 13729 | Gauntlet | Found a transporter.
 14821 | Lair:3   | Learned a level 3 spell: Inner Flame
 14825 | Lair:3   | Learned a level 3 spell: Kindle Blastsparks
 14828 | Lair:3   | Learned a level 2 spell: Poisonous Vapours
 15382 | Lair:5   | Entered Level 5 of the Lair of Beasts
 15536 | Lair:5   | Noticed a boulder beetle
 15538 | Lair:5   | Reached XP level 13. HP: 88/90 MP: 6/24
 15542 | Lair:5   | Reached skill level 14 in Stealth
 16343 | Lair:5   | Noticed Urug
 16561 | Lair:5   | Killed Urug
 16780 | Lair:4   | HP: 2/90 [eight-headed hydra (12)]
 16780 | Lair:4   | Slain by an eight-headed hydra

Illustrated notes

Levels and vault maps discovered:
D:1:      co_arrival_hall_of_pillars, layout_basic, minmay_misc_feat_roman,
          minivault_19, patterned_corridor
D:2:      layout_basic, minmay_quadrilaterals
D:3:      layout_loops_cross, nicolae_ecumenical_snake_handling, hex_tiny
D:4:      layout_gridville, uniq_blork_the_orc
D:5:      layout_cave_pods, minmay_temple_entry_statues_pillars
D:6:      layout_loops_ring, minmay_tree_intersection, st_stairs_2,
          nicolae_shop_fire_sale [nicolae_sub_dead_trees], nicolae_water_bricks,
          kennysheep_pointless_box
D:7:      layout_loops_ring, dreamdust_wishing_well
D:8:      layout_layer_cave, hellmonk_lair_entry_icy, uniq_maggie
D:9:      minmay_the_grid_3x3 [minmay_the_grid_minigrid_medium,
          minmay_the_grid_broken_lines, minmay_the_grid_outer_diamond,
          minmay_the_grid_large_cup, minmay_the_grid_box_x,
          minmay_the_grid_minigrid_small_alt, minmay_the_grid_odd_star,
          minmay_the_grid_minigrid_small,
          minmay_the_grid_prize_four_corners_diamond_a], layout_basic,
          mainiacjoe_overflow_alcove_4, kennysheep_flooded_box,
          roderic_serpentine_path, uniq_grum, uniq_prince_ribbit1
Temple:   nicolae_temple_bog_church
Lair:1:   layout_regular_city, st_stairs_11
Lair:2:   layout_regular_city, minmay_swamp_entry_reptiles, dummy_snake_entry,
          st_stairs_11, grunt_megastairs_2
Lair:3:   layout_misc_corridors, gauntlet_entry_generic
Lair:4:   layout_long_grid, fungi_pond_lemuel
Lair:5:   grunt_lair_end_beastmaster, layout_small_grid,
          nicolae_slime_entry_field_trip, grunt_megastairs_4, uniq_urug

Skill      XL: |  1  2  3  4  5  6  7  8  9 10 11 12 13 |
---------------+----------------------------------------+-----
Stealth        | 7 8 9 10 11 12 13 14 | 14.3
Axes           | 3 4 5 6 |  6.4
Dodging        | 3 4 5 6 7 8 9 |  9.4
Fighting       | 4 5 6 7 8 9 |  9.6
Spellcasting   | 1 2 3 4 5 6 7 |  7.8
Fire Magic     | 1 3 5 6 7 |  7.8
Polearms       | 4 6 8 9 |  9.4

Action                     |  1- 3 |  4- 6 |  7- 9 | 10-12 | 13-15 || total
---------------------------+-------+-------+-------+-------+-------++-------
  Melee: Hand axe          |    14 |   190 |   175 |     2 |       ||   381
         Constrict         |     4 |    43 |    26 |    16 |     1 ||    90
         Tentacles         |     4 |    31 |    37 |    51 |    17 ||   140
         Punch             |       |     1 |     1 |     3 |     1 ||     6
         Lance             |       |       |       |   201 |    58 ||   259
  Throw: Dart              |       |       |    20 |       |       ||    20
   Cast: Scorch            |       |       |    51 |   164 |    38 ||   253
         Foxfire           |       |       |    31 |   256 |    43 ||   330
         Kindle Blastspark |       |       |       |     9 |     1 ||    10
         Poisonous Vapours |       |       |       |       |     4 ||     4
         Inner Flame       |       |       |       |       |     1 ||     1
 Invoke: Potion Petition   |       |       |     1 |     3 |     1 ||     5
  Evoke: Wand              |       |       |     3 |     3 |       ||     6
    Use: Scroll            |     1 |     9 |     5 |    11 |     1 ||    27
         Potion            |       |     3 |     3 |     8 |     6 ||    20
   Stab: Distracted        |     1 |       |     1 |     2 |     1 ||     5
         Sleeping          |       |    44 |     5 |     2 |       ||    51
         Paralysed         |       |       |     6 |     3 |       ||     9
 Armour: Skin              |       |    25 |    28 |    71 |    18 ||   142
  Dodge: Dodged            |    15 |   114 |   200 |   283 |    64 ||   676

Table legend: (Time is in decaauts)
 A = Elapsed time spent in this place.
 B = Non-inter-level travel time spent in this place.
 C = Inter-level travel time spent in this place.
 D = Time resting spent in this place.
 E = Time spent auto-exploring this place.
 F = Levels seen in this place.
 G = Mean time per level.
                   A        B        C        D        E       F      G
               +--------+--------+--------+--------+--------+-----+--------+
         Total |  16708 |  16155 |    553 |   5022 |   6745 |  16 | 1044.2 |
       Dungeon |   9201 |   8791 |    410 |   1784 |   4660 |   9 | 1022.3 |
        Temple |    157 |    134 |     23 |      0 |    114 |   1 |  157.0 |
          Lair |   6961 |   6842 |    119 |   3074 |   1946 |   5 | 1392.2 |
      Gauntlet |    387 |    387 |      0 |    164 |     25 |   1 |  387.0 |
               +--------+--------+--------+--------+--------+-----+--------+

Top non-repeatable levels by time:
  Lair:1: 2362 daAuts
     D:8: 2211 daAuts
  Lair:5: 1342 daAuts
  Lair:3: 1331 daAuts
  Lair:2: 1325 daAuts
     D:6: 1147 daAuts
     D:7: 1130 daAuts
     D:4: 1087 daAuts
     D:3: 1085 daAuts
     D:5: 1068 daAuts
     D:1: 882 daAuts
  Lair:4: 599 daAuts
     D:2: 581 daAuts
Gauntlet: 387 daAuts
  Temple: 157 daAuts
